 Dungeon Crawl Stone Soup version 0.25-a0-443-gece2dee (webtiles) character file.

Game seed: 4892329732259074899, levelgen mode: deterministic

93 Coldstonesans the Ducker (level 4, 0/18 HPs)
             Began as a Felid Venom Mage on Jan 31, 2020.
             Killed from afar by an orc wizard (4 damage)
             ... with a puff of flame
             ... on level 3 of the Dungeon.
             The game lasted 00:06:14 (2638 turns).

Coldstonesans the Ducker (Felid Venom Mage)         Turns: 2638, Time: 00:06:15

Health: 0/18       AC:  4    Str:  4    XL:     4   Next: 36%
Magic:  1/8        EV: 20    Int: 17    God:
Gold:   128        SH:  0    Dex: 16    Spells: 5/8 levels left
                                        Lives:  0   Deaths: 1

rFire    . . .     SeeInvis +   (weapon unavailable)
rCold    . . .     Gourm    .   (shield unavailable)
rNeg     . . .     Faith    .   (armour unavailable)
rPois    .         Spirit   .   (helmet unavailable)
rElec    .         Reflect  .   (cloak unavailable)
rCorr    .         Harm     .   (gloves unavailable)
MR       .....                  (boots unavailable)
Stlth    +++.......             (no amulet)
HPRegen  0.06/turn              c - +3 ring of protection
MPRegen  0.11/turn              (no ring)

@: hasted, very quick
A: very small, no armour, no weapons or thrown items, stealth, claws 1, fangs 3,
see invisible, carnivore, speed 1, shaggy fur 1, slow metabolism 1, sharp paws
a: no special abilities


You were on level 3 of the Dungeon.
You were not hungry.

You visited 1 branch of the dungeon, and saw 3 of its levels.

You collected 128 gold pieces.

Inventory:

Jewellery
 c - a +3 ring of protection (left paw)
 d - a +2 ring of slaying {unknown}
Scrolls
 a - a scroll of fear
 e - 3 scrolls of immolation
 f - a scroll of identify
 g - 2 scrolls of magic mapping {unknown}
Potions
 h - a potion of haste
 i - a potion of cancellation
 j - a potion of flight
Comestibles
 b - 7 rations


   Skills:
 * Level 4.4 Dodging
 + Level 3.6 Stealth
 + Level 2.6 Spellcasting
 + Level 2.2 Transmutations
 * Level 3.7 Poison Magic


You had 5 spell levels left.
You knew the following spells:

 Your Spells              Type           Power        Failure   Level  Hunger
a - Sting                 Tmut/Pois      ##..         5%          1    #......
b - Poisonous Vapours     Pois/Air       #.....       13%         2    ##.....

Your spell library contained the following spells:

 Spells                   Type           Power        Failure   Level  Hunger
 Ignite Poison            Fire/Tmut/Pois #.......     24%         3    ###....
 Mephitic Cloud           Conj/Pois/Air  #.......     32%         3    ###....
 Olgreb's Toxic Radiance  Pois           ##......     36%         4    #####..


Dungeon Overview and Level Annotations

Branches:
Dungeon (3/15)

Altars:
Wu Jian


Innate Abilities, Weirdness & Mutations

You cannot wear armour.
You are incapable of wielding weapons or throwing items.
Your paws allow you to move quietly. (Stealth)
You have sharp claws.
You have razor-sharp teeth.
You have supernaturally acute eyesight. (SInv)
You are carnivorous and can eat meat at any time.
You cover ground quickly.
You are covered in fur. (AC +1)
You have a slow metabolism.
Your sharp claws are effective at attacking unaware monsters.


Message History

Casting: Sting (safe; 5% risk of failure)
Confirm with . or Enter, or press ? or * to list all spells.
Aiming: Sting (safe; 5% risk of failure)
Press: ? - help, Shift-Dir - straight line, f - orc wizard
Aim: an orc wizard, wielding a -2 dagger and wearing a +0 robe (fast)
The sting hits the orc wizard.
The orc wizard is poisoned.
The orc wizard is moderately wounded.
The orc wizard closely misses you.
Casting: Sting (safe; 5% risk of failure)
Confirm with . or Enter, or press ? or * to list all spells.
Aiming: Sting (safe; 5% risk of failure)
Press: ? - help, Shift-Dir - straight line, f/p - orc wizard
Aim: an orc wizard, wielding a -2 dagger and wearing a +0 robe (heavily wounded, fast, poisoned)
The sting hits the orc wizard.
The orc wizard looks even sicker.
The orc wizard is severely wounded.
The orc wizard barely misses you.
The orc wizard miscasts a cantrip.
The orc wizard points at you and mumbles some strange words.
The puff of flame hits you.
You die...

##### ##### ##>..##
#..≈#### ##.....## #..≈.≈..
##.......###.#≈≈≈≈≈
#########....).......######
#...g.o...@...........#
#o#######.........##.## #)#
#.....)...†..# #g#
#.#..(..####.# #o#
#.##...## ### #o# #.####.#
#.# #.# #.# #.# ... #.# ...
## #.#


You could see an orc wizard and a goblin.

Vanquished Creatures
  8 gnolls
  A worm (D:2)
  4 leopard geckos
  3 orcs (D:3)
  2 bats
  2 giant cockroaches (D:2)
  7 goblins
  8 hobgoblins
  12 jackals (D:1)
  12 kobolds
  4 frilled lizards (D:2)
  3 rats
66 creatures vanquished.

Notes
Turn   | Place    | Note
-------+----------+-------------------------------------------
     0 | D:1      | Coldstonesans the Felid Venom Mage began the quest for the
                  | Orb.
     0 | D:1      | Reached XP level 1. HP: 7/7 MP: 4/4
   189 | D:1      | Reached skill level 3 in Dodging
   191 | D:1      | Reached XP level 2. HP: 11/11 MP: 1/6
   612 | D:1      | Learned a level 2 spell: Poisonous Vapours
   664 | D:1      | Reached XP level 3. HP: 14/14 MP: 2/7
  1838 | D:2      | Found an ornate altar of the Wu Jian Council.
  1864 | D:2      | Reached XP level 4. HP: 18/18 MP: 6/8
  2073 | D:1      | Reached skill level 4 in Dodging
  2473 | D:3      | Slain by a gnoll
  2474 | D:3      | Reached XP level 3. HP: -1/14 MP: 3/7
  2493 | D:3      | Reached XP level 4. HP: 18/18 MP: 4/8
  2638 | D:3      | Killed from afar by an orc wizard

Levels and vault maps discovered:
D:1:      minmay_arrival_plants_in_alcoves, layout_loops_ring,
          minmay_misc_feat_tiny, st_stairs_10
D:2:      layout_basic, lemuel_coloured_pillars_altar
D:3:      layout_loops_ring, gup_sewer_entry_pipe,
          chequers_ecumenical_altar_simple_redux, first_ration, uniq_sigmund

Skill      XL: |  1  2  3  4 |
---------------+-------------+-----
Dodging        | 3 4 |  4.4
Poison Magic   | 3 |  3.7
Stealth        | 3 |  3.6
Transmutations | 2 |  2.2
Spellcasting   | |  2.6

Action                   |  1- 3 |  4- 6 || total
-------------------------+-------+-------++-------
Melee: Unarmed           |    54 |    39 ||    93
       Bite              |     4 |     1 ||     5
 Cast: Sting             |    43 |    19 ||    62
       Poisonous Vapours |    19 |    13 ||    32
  Use: Potion            |       |     3 ||     3
       Scroll            |       |     2 ||     2
 Stab: Sleeping          |       |     1 ||     1
  Eat: Chunk             |     8 |       ||     8
Armor: Skin              |    12 |     2 ||    14
Dodge: Dodged            |    91 |    38 ||   129

Table legend:
 A = Non-vault XP
 B = Vault XP
 C = Vault XP percentage of total XP
 D = Non-vault monster count
 E = Vault monster count
 F = Vault count percentage of total count
                 A         B        C        D         E       F
            +---------+---------+-------+---------+---------+-------
      Total |     223 |       4 |   1.8 |      64 |       2 |   3.0
            +---------+---------+-------+---------+---------+-------
        D:1 |      79 |       4 |   4.8 |      27 |       2 |   6.9
        D:2 |      83 |       0 |   0.0 |      26 |       0 |   0.0
        D:3 |      61 |       0 |   0.0 |      11 |       0 |   0.0
            +---------+---------+-------+---------+---------+-------
